 Dungeon Crawl Stone Soup version 0.32-a0-616-g9348d4545b (webtiles) character file.

Game seed: 414948172929956226

30443 cforsyth the Dealer of Despair (level 13, -2/125 HPs)
             Began as a Mountain Dwarf Necromancer on Mar 5, 2024.
             Was an Elder of Kikubaaqudgha.
             Slain by a freezing wraith (23 damage)
             ... led by a death knight
             ... on level 12 of the Dungeon.
             The game lasted 00:50:27 (27391 turns).

cforsyth the Dealer of Despair (MDNe)              Turns: 27391, Time: 00:50:28

Health: -2/125     AC: 21    Str: 18    XL:     13   Next: 20%
Magic:  15/15      EV:  8    Int: 20    God:    Kikubaaqudgha [****..]
Gold:   611        SH:  0    Dex: 10    Spells: 4/15 levels left

rFire   . . .        x - +5 battleaxe
rCold   . . .        (shield currently unavailable)
rNeg    . . .        w - +1 chain mail {rPois}
rPois   +            l - +2 helmet {SInv}
rElec   .            a - +0 cloak
rCorr   .            p - +1 pair of gloves
SInv    +            y - +0 pair of boots
Will    ++...        j - amulet of magic regeneration Stlth
                     W - ring of willpower
HPRegen 0.40/turn    S - +6 ring of strength
MPRegen 0.54/turn

%: no passive effects
@: slowed, studying Ranged Weapons, very slow
A: runic magic, artefact enchanting
a: Renounce Religion, Unearth Wretches


You were on level 12 of the Dungeon.
You worshipped Kikubaaqudgha.
Kikubaaqudgha was greatly pleased with you.
You visited 3 branches of the dungeon, and saw 17 of its levels.
You also visited: Ossuary.

You collected 783 gold pieces.
You spent 172 gold pieces at shops.


Innate Abilities, Weirdness & Mutations

Your spellcasting is much less encumbered by armour.
You can use scrolls of enchantment on lesser artefacts.


   Skills:
 + Level 14.4 Fighting
 + Level 10.9 Axes
 + Level 9.9 Armour
 - Level 1.3 Dodging
 - Level 1.4 Stealth
 - Level 1.7 Spellcasting
 + Level 15.1 Necromancy


You had 4 spell levels left.
You knew the following spells:

 Your Spells              Type           Power      Damage    Failure   Level
a - Animate Dead          Necr           58%        N/A       1%          4
d - Death Channel         Necr           29%        N/A       8%          6
X - Necrotise             Necr           100%       1d9       1%          1

Your spell library contained the following spells:

 Spells                   Type           Power      Damage    Failure   Level
 Kiss of Death            Conj/Necr      100%       2d13      1%          1
 Sublimation of Blood     Necr           58%        N/A       1%          2
 Fugue of the Fallen      Necr           58%        N/A       1%          3
 Vampiric Draining        Necr           58%        2d10      1%          3
 Dispel Undead            Necr           58%        3d21      1%          4
 Cigotuvi's Dreadful Rot  Necr/Alch/Air  42%        N/A       4%          2
 Anguish                  Hex/Necr       15%        N/A       12%         4
 Martyr's Knell           Necr/Summ      31%        N/A       12%         4
 Summon Small Mammal      Summ           4%         N/A       26%         1
 Ensorcelled Hibernation  Hex/Ice        2%         N/A       36%         2
 Jinxbite                 Hex            2%         N/A       36%         2
 Call Canine Familiar     Summ           1%         N/A       58%         3
 Dazzling Flash           Conj/Hex       2%         N/A       58%         3
 Gell's Gravitas          Tloc           1%         N/A       58%         3
 Ozocubu's Armour         Ice            1%         N/A       58%         3
 Passwall                 Erth           1%         N/A       58%         3
 Swiftness                Air            1%         N/A       58%         3
 Teleport Other           Tloc           1%         N/A       58%         3
 Volatile Blastmotes      Fire/Tloc      2%         2d10      58%         3
 Brom's Barrelling Bould  Conj/Erth      1%         2d3       94%         4
 Cause Fear               Hex            0%         N/A       94%         4
 Manifold Assault         Tloc           1%         N/A       94%         4
 Summon Blazeheart Golem  Fire/Summ      1%         N/A       94%         4
 Curse of Agony           Necr           58%        N/A       1%          5
 Fireball                 Conj/Fire      0%         3d3       100%        5
 Iskenderun's Battlesphe  Conj           1%         2d6       100%        5
 Yara's Violent Unravell  Hex/Alch       0%         3d3       100%        5
 Bombard                  Conj/Erth      0%         9d1       100%        6
 Conjure Ball Lightning   Conj/Air       0%         3x3d6     100%        6
 Dispersal                Tloc           0%         N/A       100%        6
 Starburst                Conj/Fire      0%         6d3       100%        6
 Enfeeble                 Hex            0%         N/A       100%        7
 Orb of Destruction       Conj           0%         9d5       100%        7
 Spellforged Servitor     Conj/Summ      0%         N/A       100%        7
 Maxwell's Capacitive Co  Air            0%         ∞         100%        8
 Dragon's Call            Summ           0%         N/A       100%        9

Inventory:

Hand Weapons
 e - a +3 morningstar
 t - a +4 vampiric spear
 x - a +5 battleaxe (weapon)
Missiles
 q - 32 poisoned darts
 B - a throwing net {=f}
Armour
 a - a +0 cloak (worn)
 l - a +2 helmet of see invisible (worn)
 p - a +1 pair of gloves (worn)
 s - a +1 leather armour of fire resistance
 w - a +1 chain mail of poison resistance (worn)
 y - a +0 pair of boots (worn)
Magical Staves
 c - a staff of earth {!a}
 D - a staff of conjuration {!a}
 Q - a staff of death {!a}
Jewellery
 j - an amulet of magic regeneration (around neck)
 C - a ring of ice
 F - a ring of fire
 J - an amulet of the acrobat
 S - a +6 ring of strength (right hand)
 V - an amulet of guardian spirit
 W - a ring of willpower (left hand)
Wands
 f - a wand of charming (9)
 m - a wand of flame (39)
 U - a wand of polymorph (6)
Scrolls
 i - 5 scrolls of teleportation {@r2}
 A - 4 scrolls of noise
 H - a scroll of revelation
 K - 3 scrolls of amnesia
 M - 2 scrolls of torment
 P - 2 scrolls of vulnerability
 R - a scroll of enchant armour
 X - 4 scrolls of identify {@r1}
Potions
 b - 2 potions of magic
 d - a potion of invisibility
 g - 4 potions of mutation
 h - a potion of lignification
 k - 3 potions of degeneration
 n - a potion of haste {@q3}
 o - 6 potions of resistance
 r - a potion of heal wounds {@q2}
 v - a potion of cancellation
 z - 2 potions of brilliance
 G - a potion of curing {@q1}
 I - a potion of ambrosia
 L - 3 potions of enlightenment
 O - a potion of berserk rage {!q}
Miscellaneous
 u - a sack of spiders (inert)
 N - a lightning rod (1/4)

Dungeon Overview and Level Annotations

Branches:
Dungeon (15/15)            Temple (1/1) D:5            Lair (1/5) D:8
    Orc (0/2) D:10        Ossuary (visited)
 Vaults: D:13-14     Depths: D:15

Altars:
Ashenzari
Cheibriados
Dithmenos
Elyvilon
Fedhas
Gozag
Hepliaklqana
Kikubaaqudgha
Makhleb
Nemelex Xobeh
Okawaru
Qazlal
Ru
Sif Muna
Trog
Uskayaw
Vehumet
Wu Jian
Xom
Yredelemnul
Zin
The Shining One

Shops:
D:6 [   D:8 *[

Annotations:
D:3 2 transporters, Sobieck's ghost, weakling MDFE
D:12 3 runed translucent doors

.................................
...............###############...
...............###############.##
...............................##
................W................
######............W..............
#..###############..........
######.(.........................
............)..W@................
................W..............##
...........##################..##
...........##################....
†................................
.................###########.....
.....###########.# #.....
.....###########.# #.....
.................###########.....


You could see 2 freezing wraiths.


Message History

You barely miss the freezing wraith.
The freezing wraith hits you but does no damage. x2
The freezing wraith barely misses you.
The freezing wraith hits you but does no damage.
The freezing wraith barely misses you.
The freezing wraith hits you but does no damage. x3
Unknown command.
Unknown command.
You barely miss the freezing wraith.
The freezing wraith is severely damaged.
You closely miss the freezing wraith.
The freezing wraith hits you but does no damage.
The freezing wraith barely misses you.
The freezing wraith hits you but does no damage.
The freezing wraith barely misses you.
Unknown command.
Unknown command.
You barely miss the freezing wraith.
The freezing wraith is severely damaged.
You barely miss the freezing wraith. The freezing wraith barely misses you.
The freezing wraith hits you but does no damage. x4
The freezing wraith hits you!
* * * LOW HITPOINT WARNING * * *
The freezing wraith drains your vigour!
You feel as though you will be slow longer.
The freezing wraith hits you!
* * * LOW HITPOINT WARNING * * *
The freezing wraith freezes you!!
You die...
Kikubaaqudgha rasps: You have failed me!
Welcome... death!

Skill      XL: |  1  2  3  4  5  6  7  8  9 10 11 12 13 |
---------------+----------------------------------------+-----
Fighting       | 1 2 3 4 5 7 9 10 12 13 14 | 14.4
Necromancy     | 5 6 7 8 10 11 12 13 14 15 | 15.1
Axes           | 2 5 8 10 | 10.9
Armour         | 1 5 7 9 |  9.9
Dodging        | |  1.3
Stealth        | |  1.4
Spellcasting   | |  1.7

Action                     |  1- 3 |  4- 6 |  7- 9 | 10-12 | 13-15 || total
---------------------------+-------+-------+-------+-------+-------++-------
  Melee: Unarmed           |    32 |     3 |       |       |       ||    35
         Spear             |       |     5 |   454 |   288 |       ||   747
         Battleaxe         |       |       |       |   601 |    59 ||   660
         Morningstar       |       |       |       |     7 |     5 ||    12
   Cast: Necrotise         |    72 |   162 |   176 |   123 |       ||   533
         Animate Dead      |       |       |       |    17 |     1 ||    18
  Evoke: Wand              |       |       |     9 |    26 |     1 ||    36
         Lightning rod     |       |       |       |     5 |     1 ||     6
         Sack of spiders   |       |       |       |     1 |       ||     1
    Use: Potion            |       |       |     5 |     6 |       ||    11
         Scroll            |       |       |    11 |    16 |     3 ||    30
   Stab: Invisible         |       |       |     6 |     5 |       ||    11
         Distracted        |       |       |       |     2 |     1 ||     3
 Armour: Robe              |    33 |    16 |       |       |       ||    49
         Scale mail        |       |    46 |    22 |       |       ||    68
         Chain mail        |       |       |   745 |  1446 |   119 ||  2310
         Skin              |       |       |       |    29 |       ||    29
  Dodge: Dodged            |    16 |    27 |   279 |   454 |    46 ||   822

Levels and vault maps discovered:
D:1:      dpeg_arrival_stone_temple_mockup, layout_basic,
          shapermc_ecumenical_altar_gd, minmay_surrounded
D:2:      layout_rooms, uniq_jessica
D:3:      layout_loops_cross, mainiacjoe_overflow_six_doors_small,
          gammafunk_ghost_mausoleum, chequers_serial_rivers_large_a,
          uniq_terence
D:4:      minmay_chambers_of_fours, layout_basic,
          mainiacjoe_overflow_catch_the_wave
D:5:      layout_basic, general_overflow_altar, minmay_temple_entry_glassed_door
D:6:      layout_rooms, mainiacjoe_overflow_alcove_2,
          nicolae_ossuary_entry_catacombs, serial_shops, shop, fountainhead,
          minmay_misc_feat_ornament
D:7:      layout_loops_cross, small_statue_intersection,
          nicolae_nh_ransacked_shop, uniq_maurice
D:8:      layout_basic, erik_lair_dragon, serial_shops, nicolae_stop_n_shop_1,
          nicolae_blasting_shop, uniq_prince_ribbit1
D:9:      nzn_winding_woodlands_stair_cross [nzn_winding_woodlands_5x15_cabin,
          nzn_winding_woodlands_center_garden, nzn_winding_woodlands_5x15_twine,
          nzn_winding_woodlands_hourglass,
          nzn_winding_woodlands_5x5_closed_star,
          nzn_winding_woodlands_5x15_sawtooth,
          nzn_winding_woodlands_center_diamonds,
          nzn_winding_woodlands_5x15_pathside_ponds], layout_basic,
          gammafunk_temple_overflow_elements, mainiacjoe_overflow_cross_hatched,
          grunt_ministairs_6
D:10:     minmay_chambers_of_sixes, layout_loops_ring, minmay_the_grid_2x2
          [minmay_the_grid_odd_star, minmay_the_grid_minigrid_small,
          minmay_the_grid_zigzag_pyramid, minmay_the_grid_prize_trominoes]
D:11:     layout_grid_maze
D:12:     layout_long_grid, ebering_ghost_rock_garden, uniq_fannar
D:13:     layout_long_grid, david_vaults_4, uniq_sonja
D:14:     layout_small_grid, special_room [special_room_orc], serial_shops,
          shop, minmay_fractal_squares_diagonal_5
D:15:     grunt_enter_depths_snipers, layout_cross, serial_shops,
          nicolae_lakefront_shop, nrook_mini_vaults, grunt_gozag_statues,
          uniq_agnes
Temple:   nicolae_temple_two_arcs
Lair:1:   layout_regular_city, nicolae_volcano_entry_lava_flow,
          dreamdust_mushroom_princess

Notes
Turn   | Place    | Note
-------+----------+-------------------------------------------
     0 | D:1      | cforsyth the Mountain Dwarf Necromancer began the quest for
                  | the Orb.
     0 | D:1      | Reached XP level 1. HP: 14/14 MP: 3/3
   214 | D:1      | Reached skill level 1 in Fighting
   310 | D:1      | Reached XP level 2. HP: 17/23 MP: 2/4
   843 | D:1      | Reached skill level 2 in Fighting
   849 | D:1      | Reached skill level 5 in Necromancy
   849 | D:1      | Reached XP level 3. HP: 25/29 MP: 0/5
  1055 | D:1      | Found a faded altar of an unknown god.
  1498 | D:2      | Noticed Jessica
  1597 | D:2      | Killed Jessica
  1598 | D:2      | Reached XP level 4. HP: 25/37 MP: 3/6
  1674 | D:2      | Reached skill level 3 in Fighting
  1711 | D:2      | Identified the +9 sling of a Million Coins {speed, Will-
                  | Dex-2 SInv Stlth+}
  2039 | D:2      | Reached XP level 5. HP: 45/45 MP: 4/7
  2183 | D:3      | Noticed Sobieck's ghost (weakling MDFE)
  2183 | D:3      | Found a transporter.
  2448 | D:3      | Reached skill level 6 in Necromancy
  2463 | D:3      | Found a glowing golden altar of the Shining One.
  2463 | D:3      | Noticed Terence
  2489 | D:3      | Killed Terence
  2529 | D:3      | Reached skill level 4 in Fighting
  2625 | D:3      | Found a transporter.
  3139 | D:4      | Reached XP level 6. HP: 46/53 MP: 0/8
  3216 | D:4      | Found an opulent altar of Gozag.
  3293 | D:4      | Reached skill level 5 in Fighting
  3293 | D:4      | Reached skill level 7 in Necromancy
  3450 | D:4      | Found a broken altar of Ashenzari.
  3904 | D:4      | Reached XP level 7. HP: 61/61 MP: 6/9
  4038 | D:5      | Entered Level 5 of the Dungeon
  4587 | D:5      | Reached skill level 6 in Fighting
  4754 | D:5      | Found a staircase to the Ecumenical Temple.
  4884 | Temple   | Entered the Ecumenical Temple
  4923 | D:5      | Found an ancient bone altar of Kikubaaqudgha.
  5024 | D:5      | Reached skill level 8 in Necromancy
  5204 | D:5      | Reached skill level 7 in Fighting
  5204 | D:5      | Reached XP level 8. HP: 51/73 MP: 3/10
  5230 | D:6      | Found Omach's Antique Armour Shoppe.
  5248 | D:6      | Bought a runed helmet for 172 gold pieces
  5373 | D:6      | Reached skill level 9 in Necromancy
  5406 | D:6      | Reached skill level 8 in Fighting
  5584 | D:6      | Found a sand-covered staircase.
  5591 | Ossuary  | Entered an ossuary
  5774 | Ossuary  | Reached skill level 10 in Necromancy
  5908 | Ossuary  | Reached skill level 9 in Fighting
  5946 | Ossuary  | Reached XP level 9. HP: 47/83 MP: 11/11
  6904 | D:5      | Found an ancient bone altar of Kikubaaqudgha.
  6908 | D:5      | Found a staircase to the Ecumenical Temple.
  6967 | D:5      | Identified 4 potions of resistance
  6976 | D:5      | Became a worshipper of Kikubaaqudgha
  7284 | D:6      | Found a radiant altar of Vehumet.
  7971 | D:7      | Reached skill level 10 in Fighting
  7971 | D:7      | Reached skill level 11 in Necromancy
  8110 | D:7      | Noticed Maurice
  8114 | D:7      | Maurice stole an amulet of guardian spirit
  8116 | D:7      | Maurice stole a staff of earth {!a}
  8118 | D:7      | Maurice stole 26 poisoned darts
  8121 | D:7      | Maurice stole 87 gold
  8145 | D:7      | Killed Maurice
  8722 | D:7      | Reached skill level 1 in Axes
  8722 | D:7      | Reached skill level 1 in Armour
  8745 | D:7      | Reached * piety under Kikubaaqudgha
  8745 | D:7      | Received a gift from Kikubaaqudgha
  8913 | D:7      | Paralysed by a hornet for 2 turns
  8919 | D:7      | Reached skill level 2 in Axes
  8919 | D:7      | Reached XP level 10. HP: 66/94 MP: 12/12
  9112 | D:7      | Reached skill level 11 in Fighting
  9495 | D:8      | Reached skill level 2 in Armour
  9563 | D:8      | Learned a level 4 spell: Animate Dead
  9840 | D:7      | Reached skill level 12 in Necromancy
 10220 | D:8      | Found Hebekk's Armour Boutique.
 10230 | D:8      | Noticed Prince Ribbit
 10249 | D:8      | Killed Prince Ribbit
 10250 | D:8      | Reached skill level 3 in Axes
 10400 | D:8      | Found Dopaxal's Demolitions Depot.
 10514 | D:8      | Identified the +6 mace "Tazoelur" {freeze, +Blink rElec
                  | rCorr Int+3 Dex-2}
 10740 | D:8      | Reached skill level 3 in Armour
 10881 | D:8      | HP: 7/96 [wyvern (14)]
 11153 | D:8      | Your ally Prince Ribbit died
 11593 | D:8      | Reached skill level 4 in Axes
 11607 | D:8      | Found a staircase to the Lair.
 11993 | D:7      | You fall into a shaft and drop 1 floor!
 12200 | D:8      | Reached skill level 4 in Armour
 12213 | D:8      | Reached ** piety under Kikubaaqudgha
 12616 | D:9      | Reached skill level 5 in Axes
 12725 | D:9      | HP: 8/85 [poisoned by a hornet]
 13017 | D:9      | Found a sacrificial altar of Ru.
 13017 | D:9      | Found a snail-covered altar of Cheibriados.
 13307 | D:9      | Identified the orb of Lifelessness {mayhem, rPois Dex+2}
 13351 | D:9      | Paralysed by a hornet for 2 turns
 13354 | D:9      | HP: 7/90 [poisoned by a hornet]
 13360 | D:9      | Reached skill level 5 in Armour
 14048 | D:9      | Noticed a centaur warrior
 14291 | D:8      | Killed a centaur warrior
 14292 | D:8      | Reached skill level 12 in Fighting
 14292 | D:8      | Reached XP level 11. HP: 73/102 MP: 13/13
 15154 | D:8      | Reached skill level 6 in Axes
 15261 | D:8      | Found a staircase to the Lair.
 15419 | D:8      | Found Dopaxal's Demolitions Depot.
 15993 | D:9      | Reached skill level 13 in Necromancy
 16465 | D:9      | Found a blossoming altar of Fedhas.
 16531 | D:9      | Reached skill level 6 in Armour
 17165 | D:9      | Noticed a boulder beetle
 17532 | Lair:1   | Entered Level 1 of the Lair of Beasts
 17573 | Lair:1   | Noticed a death yak
 17574 | Lair:1   | Noticed a death yak
 17574 | Lair:1   | Noticed a death yak
 17576 | Lair:1   | Noticed a death yak
 17577 | Lair:1   | Noticed a death yak
 17590 | D:8      | Reached skill level 7 in Axes
 17811 | D:10     | Entered Level 10 of the Dungeon
 17971 | D:10     | Reached *** piety under Kikubaaqudgha
 17971 | D:10     | Received a gift from Kikubaaqudgha
 18619 | D:10     | Noticed an orc knight
 18620 | D:10     | Noticed a deep elf pyromancer
 18773 | D:10     | Noticed an orc knight
 18849 | D:9      | Noticed a two-headed ogre
 18899 | D:9      | Noticed a two-headed ogre
 18929 | D:9      | Killed a two-headed ogre
 19177 | D:9      | Reached skill level 7 in Armour
 19929 | D:9      | Identified the +8 shortbow "Vunogil" {flame, *Slow +Blink
                  | rC+ Dex+4}
 19967 | D:9      | Killed a boulder beetle
 19968 | D:9      | Reached skill level 8 in Axes
 20877 | D:10     | Noticed a tengu warrior
 21269 | D:10     | Reached skill level 13 in Fighting
 21366 | D:10     | Killed an orc knight
 21558 | D:10     | Found a staircase to the Orcish Mines.
 21633 | D:10     | Killed a deep elf pyromancer
 21634 | D:10     | Reached XP level 12. HP: 114/115 MP: 14/14
 21846 | D:10     | Reached skill level 14 in Necromancy
 22096 | D:10     | Reached skill level 8 in Armour
 22350 | D:10     | Reached skill level 9 in Axes
 22407 | D:10     | Learned a level 6 spell: Death Channel
 23490 | D:11     | Reached **** piety under Kikubaaqudgha
 24186 | D:12     | Noticed Fannar
 24575 | D:12     | Killed Fannar
 24673 | D:12     | You fall into a shaft and drop 3 floors!
 24673 | D:15     | Entered Level 15 of the Dungeon
 24676 | D:14     | Noticed a centaur warrior
 24687 | D:14     | Killed a centaur warrior
 24688 | D:14     | Reached skill level 9 in Armour
 25000 | D:15     | Reached skill level 10 in Axes
 25232 | D:14     | Found Qiupsonod's Book Boutique.
 25419 | D:14     | Noticed a seven-headed hydra
 25443 | D:14     | Reached skill level 14 in Fighting
 25564 | D:14     | Noticed a centaur warrior
 25575 | D:14     | Killed a centaur warrior
 25652 | D:13     | Noticed a seven-headed hydra
 25665 | D:14     | Noticed a four-headed hydra
 25672 | D:14     | Killed a four-headed hydra
 25895 | D:13     | Reached XP level 13. HP: 119/124 MP: 15/15
 26318 | D:13     | Noticed Sonja
 26336 | D:12     | Reached skill level 15 in Necromancy
 26740 | D:12     | Found a runed translucent gate.
 26740 | D:12     | Found a runed translucent gate.
 26740 | D:12     | Found a runed translucent gate.
 27191 | D:13     | Your ally Sonja died
 27391 | D:12     | Slain by a freezing wraith

Vanquished Creatures
  2 hydras
  Fannar (D:12)
  3 centaur warriors
  2 boulder beetles
  2 two-headed ogres
  2 orc knights (D:10)
  2 deep elf pyromancers
  3 manticores
  An ugly thing (D:13)
  Maurice (D:7)
  4 cyclopes
  A gargoyle (D:10)
  2 kobold demonologists (D:10)
  2 freezing wraiths
  A yaktaur (D:10)
  A tengu conjurer (D:14)
  2 trolls
  4 hornets
  Prince Ribbit (D:8)
  A slime creature (D:10)
  A jumping spider (shapeshifter) (D:14)
  2 shadows
  A vampire (D:12)
  16 yaks
  2 wyverns
  7 wraiths
  4 basilisks
  4 steam dragons
  8 vampire mosquitoes
  An acid dragon (D:10)
  A water moccasin (D:6)
  An ice beast (D:7)
  7 orc warriors
  A swamp drake (D:8)
  A sky beast (D:6)
  5 black bears
  A boggart (D:9)
  5 centaurs
  2 phantoms (D:6)
  3 kobold brigands
  8 bullfrogs
  4 scorpions
  5 gnoll sergeants
  An elf skeleton (D:6)
  10 wights
  24 killer bees
  10 howler monkeys
  4 centaur zombies (Ossuary)
  4 hounds
  A bombardier beetle (D:5)
  A jelly (D:6)
  2 human zombies (D:6)
  2 gnoll boudas (D:9)
  8 orc priests
  Jessica (D:2)
  Terence (D:3)
  4 iguanas
  16 orc wizards
  3 crocodile zombies (Ossuary)
  2 mummies (Ossuary)
  13 gnolls
  10 adders
  2 ufetubi (D:7)
  4 dart slugs
  5 ribbon worms
  36 orcs
  11 ball pythons
  6 endoplasms
  A giant cockroach (D:4)
  2 gnoll zombies (Ossuary)
  14 goblins
  12 hobgoblins
  10 quokkas
  A bat (D:3)
  3 frilled lizards (D:1)
  20 kobolds
  2 kobold zombies (Ossuary)
  2 orc skeletons (D:6)
  An orc zombie (D:6)
  4 rats
381 creatures vanquished.

Vanquished Creatures (collateral kills)
  A deep elf pyromancer (D:10)
  2 cyclopes
  A vampire (D:13)
  A wraith (D:11)
  A basilisk (D:8)
  2 wyverns (D:8)
  2 yaks
  A kobold brigand (D:9)
  A bullfrog (D:9)
  A hound (D:5)
  A gnoll (D:8)
  An adder (D:5)
  2 orcs
  A hobgoblin (D:1)
  A quokka (D:4)
  A kobold (D:9)
20 creatures vanquished.

Vanquished Creatures (others)
  A tengu warrior (D:10)
  Sonja (D:13)
  A two-headed ogre zombie (D:12)
  A hornet zombie (D:9)
  A human zombie (D:8)
  A troll zombie (D:10)
  A centaur zombie (D:9)
  2 bullfrog zombies (D:9)
  An orc wizard (D:10)
  3 killer bee zombies
  An orc zombie (D:10)
  4 gnoll zombies (D:10)
18 creatures vanquished.

Grand Total: 419 creatures vanquished

Table legend: (Time is in decaauts)
 A = Elapsed time spent in this place.
 B = Non-inter-level travel time spent in this place.
 C = Inter-level travel time spent in this place.
 D = Time resting spent in this place.
 E = Time spent auto-exploring this place.
 F = Levels seen in this place.
 G = Mean time per level.
                   A        B        C        D        E       F      G
               +--------+--------+--------+--------+--------+-----+--------+
         Total |  27752 |  27068 |    684 |   8479 |  13261 |  18 | 1541.8 |
       Dungeon |  27147 |  26463 |    684 |   8325 |  13078 |  15 | 1809.8 |
        Temple |      1 |      1 |      0 |      0 |      0 |   1 |    1.0 |
          Lair |     48 |     48 |      0 |      0 |      0 |   1 |   48.0 |
       Ossuary |    554 |    554 |      0 |    154 |    183 |   1 |  554.0 |
               +--------+--------+--------+--------+--------+-----+--------+

Top non-repeatable levels by time:
     D:8: 5836 daAuts
    D:10: 3492 daAuts
     D:9: 3388 daAuts
     D:7: 1944 daAuts
    D:11: 1850 daAuts
     D:6: 1679 daAuts
     D:5: 1605 daAuts
     D:1: 1531 daAuts
    D:12: 1306 daAuts
     D:4: 1293 daAuts
     D:2: 777 daAuts
     D:3: 767 daAuts
    D:14: 729 daAuts
 Ossuary: 554 daAuts
    D:13: 476 daAuts

Table legend:
 A = Non-vault XP
 B = Vault XP
 C = Vault XP percentage of total XP
 D = Non-vault monster count
 E = Vault monster count
 F = Vault count percentage of total count
                 A         B        C        D         E       F
            +---------+---------+-------+---------+---------+-------
      Total |   25969 |   17522 |  40.3 |     290 |     113 |  28.0
            +---------+---------+-------+---------+---------+-------
        D:1 |      48 |      12 |  20.0 |      27 |       4 |  12.9
        D:2 |     114 |      37 |  24.5 |      20 |       1 |   4.8
        D:3 |      49 |      36 |  42.4 |      17 |       1 |   5.6
        D:4 |     501 |      65 |  11.5 |      30 |       6 |  16.7
        D:5 |     672 |       0 |   0.0 |      25 |       0 |   0.0
        D:6 |    1940 |     169 |   8.0 |      35 |       6 |  14.6
        D:7 |    1686 |     560 |  24.9 |      21 |       6 |  22.2
        D:8 |    2388 |    3360 |  58.5 |      29 |      21 |  42.0
        D:9 |    1414 |    4796 |  77.2 |      18 |      27 |  60.0
       D:10 |    1620 |    6440 |  79.9 |      23 |      25 |  52.1
       D:11 |    4698 |       0 |   0.0 |      21 |       0 |   0.0
       D:12 |    3327 |     852 |  20.4 |       6 |       1 |  14.3
       D:13 |    2335 |       0 |   0.0 |       7 |       0 |   0.0
       D:14 |    4410 |     887 |  16.7 |       9 |       2 |  18.2
       D:15 |     565 |       0 |   0.0 |       1 |       0 |   0.0
     Lair:1 |     202 |       0 |   0.0 |       1 |       0 |   0.0
    Ossuary |       0 |     308 | 100.0 |       0 |      13 | 100.0
            +---------+---------+-------+---------+---------+-------
